 Dungeon Crawl Stone Soup version 0.30.0-29-ga12c61a403 (webtiles) character file.

Game seed: 8610167592526562823

679449 McKennaii the Sorcerer (level 26, -10/241 (243) HPs)
             Began as a Demigod Conjurer on June 12, 2023.
             Mangled by an Orb Guardian (20 damage)
             ... on level 5 of the Realm of Zot.
             The game lasted 04:19:46 (133759 turns).

McKennaii the Sorcerer (Demigod Conjurer)         Turns: 133759, Time: 04:19:46

HP:   -10/241 (243) AC: 17    Str: 22    XL:     26   Next: 63%
MP:   7/61          EV: 14    Int: 40    God:
Gold: 1697          SH: 11    Dex:  6    Spells: 37/78 levels left

rFire   + . .        g - staff of cold
rCold   + + .        r - +1 kite shield {reflect}
rNeg    + . .        W - +3 steam dragon scales "Sinelehe" {rF+ Str+2}
rPois   +            i - +2 helmet
rElec   +            D - +2 cloak {Will+}
rCorr   .            P - +4 pair of gloves of Starshine {rC+}
SInv    +            e - +0 pair of boots
Will    +++++        n - amulet "Nuthram" {rElec rPois Will+++ Regen+ Dex-4} Stlth
                     z - ring "Atiov" {rPois rN+ SInv}
HPRegen 1.40/turn    M - ring of wizardry
MPRegen 0.37/turn

%: reflection, wizardry (x1)
@: about to teleport, silenced (expiring), corroded, studying Stealth, lightly
drained
A: high MP 1, forlorn, divine attributes, see invisible, clumsy 1, deformed
body, robust 1, wild magic 1
}: 4/15 runes: serpentine, barnacled, slimy, silver
a: no special abilities


You were on level 5 of the Realm of Zot.
You visited 12 branches of the dungeon, and saw 57 of its levels.
You visited 1 bazaar.
You also visited: Ice Cave.

You collected 10124 gold pieces.
You spent 8427 gold pieces at shops.

Inventory:

Hand Weapons
 Q - the +8 whip "Snakebite" {venom, curare, rPois}
   (You found it on level 2 of the Lair of Beasts)

   rPois:     It protects you from poison.
 Z - the +8 scimitar of the Pyrrhic Victory {venom, rPois rF+ rCorr Dex+3}
   (You found it on level 3 of the Crypt)

   Dex:       It affects your dexterity (+3).
   rF:        It protects you from fire.
   rPois:     It protects you from poison.
   rCorr:     It protects you from acid and corrosion.
Armour
 e - a +0 pair of boots (worn)
 f - the sphere of Battle
   (You found it on level 5 of the Pits of Slime)

   It enhances your destructive magic.
   It weakens your non-destructive magic.
   It summons a battlesphere in combat, with strength depending on Conjurations
   skill.
 i - a +2 helmet (worn)
 r - a +1 kite shield of reflection (worn)
 D - a +2 cloak of willpower (worn)
 P - the +4 pair of gloves of Starshine (worn) {rC+}
   (You found it on level 2 of the Lair of Beasts)

   rC:        It protects you from cold.
 W - the +3 steam dragon scales "Sinelehe" (worn) {rF+ Str+2}
   (You bought it in a shop on level 2 of the Orcish Mines)

   Str:       It affects your strength (+2).
   rF:        It protects you from fire.
 Y - +1 pearl dragon scales
Magical Staves
 g - a staff of cold (weapon)
 C - the staff of air "Xuxism" {rElec rF++ rC+ SInv Stlth-}
   (You found it on level 3 of the Elven Halls)

   [staff of air]

   Base accuracy: +5 Base damage: 5 Base attack delay: 1.2 This weapon's minimum
   attack delay (0.6) is reached at skill level 12.
   rF:        It greatly protects you from fire.
   rC:        It protects you from cold.
   rElec:     It insulates you from electricity.
   SInv:      It lets you see invisible.
   Stlth:     It makes you less stealthy.
   It falls into the 'Staves' category.
   It is a one-handed weapon.
Jewellery
 n - the amulet "Nuthram" (around neck) {rElec rPois Will+++ Regen+ Dex-4}
   (You bought it in a shop in a bazaar)

   [amulet of regeneration]

   Dex:       It affects your dexterity (-4).
   rElec:     It insulates you from electricity.
   rPois:     It protects you from poison.
   Regen:     It increases your rate of health regeneration.
   Will:      It greatly increases your willpower.
 o - a ring of flight
 z - the ring "Atiov" (left hand) {rPois rN+ SInv}
   (You found it on level 3 of the Crypt)

   [ring of poison resistance]

   rPois:     It protects you from poison.
   rN:        It protects you from negative energy.
   SInv:      It lets you see invisible.
 G - the ring "Lagugg" {rC+ Dex+4}
   (You found it on level 3 of the Crypt)

   [ring of protection from cold]

   Dex:       It affects your dexterity (+4).
   rC:        It protects you from cold.
 I - the ring of the Scarab {Int+6 Dex+5}
   (You found it on level 2 of the Crypt)

   [ring of intelligence]

   Int:       It affects your intelligence (+6).
   Dex:       It affects your dexterity (+5).
 M - a ring of wizardry (right hand)
Wands
 a - a wand of light (10)
 j - a wand of mindburst (32)
 q - a wand of paralysis (60)
 N - a wand of flame (35)
 O - a wand of digging (15)
 R - a wand of polymorph (12)
 V - a wand of roots (28)
Scrolls
 h - 18 scrolls of teleportation
 p - 6 scrolls of fog
 t - 11 scrolls of amnesia
 u - 8 scrolls of magic mapping
 y - 12 scrolls of vulnerability
 E - 11 scrolls of enchant armour
 F - 11 scrolls of immolation
 J - 6 scrolls of enchant weapon
 S - 5 scrolls of butterflies
 T - 8 scrolls of silence
 U - 6 scrolls of brand weapon
 X - 3 scrolls of fear
Potions
 b - 9 potions of cancellation
 c - 6 potions of resistance
 d - 15 potions of mutation
 k - 17 potions of curing
 l - 5 potions of brilliance
 m - 2 potions of ambrosia
 s - 3 potions of magic
 v - 14 potions of might
 w - 14 potions of flight
 A - 13 potions of attraction
 B - 2 potions of berserk rage
 K - 4 potions of haste
 L - 6 potions of invisibility


   Skills:
 - Level 15.0 Fighting
 - Level 9.7 Armour
 - Level 15.2 Dodging
 - Level 1.7 Stealth
 - Level 11.1 Shields
 + Level 26.9 Spellcasting
 - Level 12.8 Conjurations
 - Level 22.6 Ice Magic
 - Level 17.6 Earth Magic


You had 37 spell levels left.
You knew the following spells:

 Your Spells              Type           Power      Damage    Failure   Level
a - Magic Dart            Conj           100%       1d8       1%          1
b - Searing Ray           Conj           100%       2d8       1%          2
c - Iskenderun's Mystic   Conj/Tloc      95%        2d18      1%          4
d - Lee's Rapid Deconstr  Erth           65%        3d30*     1%          5
e - Lehudib's Crystal Sp  Conj/Erth      61%        10d14     4%          8
f - Freezing Cloud        Conj/Ice/Air   69%        6-21      1%          5
g - Ozocubu's Refrigerat  Ice            83%        4d26      1%          7
t - Polar Vortex          Ice            83%        N/A       3%          9

Your spell library contained the following spells:

 Spells                   Type           Power      Damage    Failure   Level
 Apportation              Tloc           100%       N/A       1%          1
 Beastly Appendage        Tmut           100%       N/A       1%          1
 Kiss of Death            Conj/Necr      100%       2d13      1%          1
 Necrotise                Necr           100%       1d9       1%          1
 Sandblast                Erth           100%       2d20      1%          1
 Shock                    Conj/Air       100%       1d9       1%          1
 Slow                     Hex            100%       N/A       1%          1
 Sting                    Tmut/Pois      100%       1d8       1%          1
 Summon Small Mammal      Summ           100%       N/A       1%          1
 Blink                    Tloc           100%       N/A       1%          2
 Call Imp                 Summ           100%       N/A       1%          2
 Cigotuvi's Dreadful Rot  Necr/Pois/Air  100%       N/A       1%          2
 Ensorcelled Hibernation  Hex/Ice        100%       N/A       1%          2
 Passwall                 Tmut/Erth      86%        N/A       1%          2
 Poisonous Vapours        Pois/Air       100%       N/A       1%          2
 Scorch                   Fire           100%       2d9       1%          2
 Static Discharge         Conj/Air       100%       2-7/arc   1%          2
 Sublimation of Blood     Necr           63%        N/A       1%          2
 Wereblood                Tmut           63%        N/A       1%          2
 Call Canine Familiar     Summ           63%        N/A       1%          3
 Confusing Touch          Hex            63%        N/A       1%          3
 Dazzling Flash           Conj/Hex       100%       N/A       1%          3
 Frozen Ramparts          Ice            100%       1d16      1%          3
 Ignite Poison            Fire/Tmut/Pois 63%        N/A       1%          3
 Inner Flame              Hex/Fire       63%        N/A       1%          3
 Mephitic Cloud           Conj/Pois/Air  85%        N/A       1%          3
 Ozocubu's Armour         Ice            100%       N/A       1%          3
 Portal Projectile        Hex/Tloc       100%       N/A       1%          3
 Spider Form              Tmut/Pois      63%        N/A       1%          3
 Stone Arrow              Conj/Erth      100%       3d13      1%          3
 Summon Guardian Golem    Hex/Summ       63%        N/A       1%          3
 Swiftness                Air            63%        N/A       1%          3
 Tukima's Dance           Hex            63%        N/A       1%          3
 Vampiric Draining        Necr           63%        2d10      1%          3
 Vhi's Electric Charge    Tloc/Air       100%       N/A       1%          3
 Animate Armour           Summ/Erth      100%       N/A       1%          4
 Flame Wave               Conj/Fire      95%        2d20      1%          4
 Fulminant Prism          Conj/Hex       47%        3d21      1%          4
 Ice Form                 Ice/Tmut       100%       N/A       1%          4
 Leda's Liquefaction      Hex/Erth       52%        N/A       1%          4
 Sticky Flame             Conj/Fire      95%        2d10      1%          4
 Summon Ice Beast         Ice/Summ       100%       N/A       1%          4
 Arcjolt                  Conj/Air       47%        1d57      1%          5
 Iskenderun's Battlesphe  Conj           100%       2d15      1%          5
 Iron Shot                Conj/Erth      61%        9d11      1%          6
 Simulacrum               Ice/Necr       68%        N/A       1%          6
 Statue Form              Tmut/Erth      69%        N/A       1%          6
 Anguish                  Hex/Necr       31%        N/A       3%          4
 Cause Fear               Hex            31%        N/A       3%          4
 Dispel Undead            Necr           63%        3d22      3%          4
 Manifold Assault         Tloc           63%        N/A       3%          4
 Olgreb's Toxic Radiance  Pois           63%        N/A       3%          4
 Summon Lightning Spire   Summ/Air       63%        N/A       3%          4
 Conjure Ball Lightning   Conj/Air       47%        3x3d16    4%          6
 Agony                    Necr           63%        N/A       9%          5
 Alistair's Intoxication  Tmut/Pois      42%        N/A       9%          5
 Blade Hands              Tmut           31%        N/A       9%          5
 Silence                  Hex/Air        31%        N/A       9%          5
 Summon Forest            Summ/Tloc      31%        N/A       9%          5
 Summon Mana Viper        Hex/Summ       63%        N/A       9%          5
 Yara's Violent Unravell  Hex/Tmut       31%        3d13      9%          5
 Spellforged Servitor     Conj/Summ      47%        N/A       17%         7
 Death Channel            Necr           31%        N/A       38%         6
 Eringya's Noxious Bog    Tmut/Pois      31%        N/A       38%         6
 Plasma Beam              Fire/Air       31%        2x1d48    38%         6
 Summon Cactus Giant      Summ           31%        N/A       38%         6
 Enfeeble                 Hex            31%        N/A       89%         7
 Malign Gateway           Summ/Tloc      31%        N/A       89%         7
 Storm Form               Tmut/Air       31%        N/A       89%         7
 Borgnjor's Revivificati  Necr           31%        N/A       100%        8
 Maxwell's Capacitive Co  Air            31%        ∞         100%        8
 Necromutation            Tmut/Necr      31%        N/A       100%        8
 Summon Horrible Things   Summ           31%        N/A       100%        8
 Death's Door             Necr           31%        N/A       100%        9


Dungeon Overview and Level Annotations

Branches:
Dungeon (15/15)            Temple (0/1) D:5            Lair (5/5) D:11
 Shoals (4/4) Lair:3        Snake (4/4) Lair:3        Slime (5/5) Lair:4
    Orc (2/2) D:11            Elf (3/3) Orc:2        Vaults (5/5) D:14
  Crypt (3/3) Vaults:3       Tomb (2/3) Crypt:3      Depths (4/4) D:15
    Zot (5/5) Depths:4      IceCv (visited)

Shops:
D:5 [   D:8 [(**(   D:9 *   Orc:2 [([:   Elf:2 (   Snake:2 :=:   Snake:4 (::(
Vaults:1 *   Vaults:2 *   Vaults:3 [

Portals:
Hell: Depths:1 Depths:2 Depths:3 Depths:4
Abyss: Depths:3
Pandemonium: Depths:2 Depths:3
Ziggurat: Depths:3


Innate Abilities, Weirdness & Mutations

You have an increased reservoir of magic. (+10% MP)
You shall have no god before yourself.
Your divine heritage dramatically boosts your attributes as you level up.
You have supernaturally acute eyesight. (SInv)
You are clumsy. (Dex -2)
Armour fits poorly on your strangely shaped body.
You are robust. (+10% HP)
Your spells are a little harder to cast, but a little more powerful.


Message History

The ancient lich barely misses you. The ancient lich touches you!
* * * LOW HITPOINT WARNING * * *
You partially resist.
You feel drained.
Unknown command.
Your surroundings suddenly seem different. 2 Orb Guardians and a Killer Klown come into view.
The Killer Klown is wielding a +8 club of flaming.
Found four items.
The Killer Klown shouts!
The Killer Klown pokes you with a +8 club of flaming!
* * * LOW HITPOINT WARNING * * *
The Killer Klown burns you.
* * * LOW HITPOINT WARNING * * *
Your magical contamination has completely faded away.
Unknown command.
Unknown command.
As you read the scroll of teleportation, it crumbles to dust.
You feel strangely unstable.
You feel the Orb delaying your translocation!
The Killer Klown pies you viciously! The klown pie hits you!
Blueberry!
An unnatural silence engulfs you.
* * * LOW HITPOINT WARNING * * *
Unknown command.
Unknown command.
Unknown command.
You feel much better. The Killer Klown closely misses you.
The Orb Guardian hits you!!
* * * LOW HITPOINT WARNING * * *
Unknown command.
Unknown command.
Unknown command.
The Orb Guardian hits you!!
* * * LOW HITPOINT WARNING * * *
The Killer Klown defenestrates you with a +8 club of flaming.
* * * LOW HITPOINT WARNING * * *
Unknown command.
Unknown command.
Magic scrolls do not work when you're silenced!
You feel better. The Orb Guardian hits you!!
You die...

#.^..................#
#.....^..............#
#.........^..........#
#...^..$.............#
#.......^...^........#
#..................##
#...X...........[##.
#.@X...............
▓▓p....##▓▓▓▓▓▓▓▓▓▓
▓..........
▓...........
▓...!......!.
▓.............
▓..=..........
▓▓............
▓▓.......^...


You could see a Killer Klown and 2 Orb Guardians.

Vanquished Creatures
  Dissolution (Slime:5)
  the Royal Jelly (Slime:5)
  Khufu (Crypt:3)
  2 dread liches
  2 orbs of fire (Zot:5)
  5 ancient liches
  Mara (Elf:3)
  24 royal mummies
  2 Killer Klowns (Zot:5)
  The ghost of hitsuchi the Archmage, a veteran DECj of Gozag (Depths:3)
  Parghit (Zot:4)
  Frederick (Crypt:3)
  Vashnia (Snake:2)
  Bai Suzhen (Crypt:3)
  Saint Roka (Crypt:1)
  4 curse toes
  A caustic shrike (Depths:2)
  19 golden dragons
  Nikola (Shoals:1)
  3 bone dragons
  4 electric golems
  The ghost of IsvaffelMax the Slayer, an adept OgBr of Jiyva (Vaults:2)
  13 tentacled monstrosities
  Zenata (Elf:1)
  Jorgrun (D:15)
  2 Ice Fiends
  Asterion (Depths:1)
  Mlioglotl (Shoals:1)
  A shard shrike skeleton (Crypt:3)
  A walking frostbound tome (Depths:3)
  7 liches
  8 Orb Guardians
  3 deep elf blademasters
  2 deep elf master archers (Elf:3)
  3 titans
  4 quicksilver dragons
  21 acid blobs
  12 ancient champions
  14 death cobs
  Frances (Shoals:1)
  15 sphinxes
  2 krakens
  Roxanne (Snake:2)
  16 storm dragons
  Ilsuiw (Shoals:3)
  4 tengu reavers
  12 shadow dragons
  6 draconian monks
  5 revenants
  10 nagarajas
  13 rockslimes
  6 draconian knights
  6 fire giants
  5 azure jellies (Slime:5)
  14 frost giants
  7 deep elf sorcerers
  2 iron dragons
  6 draconian scorchers
  4 ghost moths
  24 vault wardens
  Louise (D:15)
  4 deep elf elementalists (Elf:3)
  A cacodemon (Depths:2)
  3 draconian stormcallers
  12 ghouls
  The ghost of klichko the Crack Shot, an adept SpHu of Okawaru (Snake:3)
  3 curse skulls
  2 draconian shifters
  A spriggan defender (Depths:3)
  19 very ugly things
  2 war gargoyles (Vaults:5)
  13 ironbound preservers
  6 draconian annihilators
  13 quicksilver oozes
  4 caustic shrike skeletons
  19 stone giants
  9 green draconians
  8 ironbound thunderhulks
  5 vampire knights
  7 deep elf demonologists
  16 dire elephants
  8 black draconians
  15 yellow draconians
  10 white draconians
  4 bennus (Tomb:1)
  Nessos (Lair:4)
  4 deep elf annihilators (Elf:3)
  9 purple draconians
  16 red draconians
  2 eidola
  12 ettins
  6 jiangshi
  Josephine (D:10)
  9 deep elf death magi
  6 fire dragons
  20 mummy priests
  12 yaktaur captains
  An entropy weaver (Vaults:2)
  17 merfolk impalers
  A crystal guardian (Vaults:3)
  5 merfolk javelineers
  13 great orbs of eyes
  45 vault guards
  A hydra (Lair:5)
  3 merfolk aquamancers (Shoals:4)
  2 rakshasas
  3 deep elf high priests
  2 peacekeepers
  7 caustic shrike simulacra (IceCv)
  4 spriggan air magi
  2 ogre magi (Vaults:5)
  8 ice dragons
  A salamander tyrant (Snake:3)
  6 merfolk avatars
  6 centaur warriors
  23 anacondas
  A catoblepas (Lair:5)
  6 ironbound frosthearts
  An alligator snapping turtle (Shoals:4)
  34 dancing weapons
  3 boulder beetles
  4 two-headed ogres
  16 naga warriors
  43 death scarabs (Tomb:2)
  11 deep troll shamans
  9 vampire magi
  A titan zombie (Tomb:1)
  3 satyrs (Shoals:4)
  16 death yaks
  4 tengu warriors
  An orc high priest (Elf:1)
  14 naga sharpshooters
  8 deep troll earth magi
  2 spriggans (Depths:3)
  Sonja (Lair:4)
  9 shock serpents
  4 spriggan berserkers
  A soul eater (Vaults:3)
  21 deep elf knights
  Urug (Lair:3)
  10 skysharks
  2 sun demons (Depths:2)
  23 skeletal warriors
  18 hell knights
  A fire crab (shapeshifter) (Depths:1)
  Amaemon (D:8)
  A salamander mystic (Snake:1)
  35 deep trolls
  3 golden dragon zombies
  A titan skeleton (Crypt:2)
  A goliath frog (shapeshifter) (Depths:3)
  5 shadow wraiths
  11 iron trolls
  A death drake (shapeshifter) (D:15)
  A bog body (IceCv)
  10 flayed ghosts
  2 bunyip zombies
  A sea snake (shapeshifter) (Vaults:5)
  25 sea snakes
  2 glowing orange brains
  A spriggan simulacrum (Crypt:2)
  2 obsidian statues (IceCv)
  6 naga ritualists
  22 ironbound convokers
  2 orange crystal statues
  6 wizards
  18 deep elf archers
  12 lindwurms
  A swamp dragon (shapeshifter) (Elf:1)
  5 orc knights
  21 harpies
  A harpy (shapeshifter) (D:15)
  An anaconda skeleton (Crypt:3)
  10 phantasmal warriors
  A goliath frog zombie (Crypt:2)
  32 deep elf pyromancers
  4 orc sorcerers
  30 deep elf zephyrmancers
  5 shining eyes
  9 necromancers
  2 frost giant zombies (Depths:1)
  9 cyclopes
  9 mana vipers
  3 oklob plants
  2 fire giant zombies
  A faun (Shoals:2)
  A shining eye (shapeshifter) (Vaults:5)
  20 manticores
  7 salamanders
  A wolf spider (D:15)
  3 guardian serpents
  34 ugly things
  A cyclops (shapeshifter) (Elf:3)
  12 merfolk sirens
  A centaur zombie (Crypt:2)
  16 naga magi
  24 moths of wrath
  7 elephants
  3 eyes of devastation
  2 ice statues (Depths:1)
  9 cane toads
  37 black mambas
  2 gargoyles
  3 rust devils (Depths:2)
  129 slime creatures
  A spectral iron troll (Crypt:2)
  5 water nymphs
  2 torpor snails (Lair:5)
  21 vault sentinels
  An orange demon (D:8)
  2 unseen horrors
  Psyche (D:11)
  2 tengu conjurers (Depths:1)
  A naga skeleton (Tomb:1)
  A yaktaur (shapeshifter) (Depths:3)
  3 centaur skeletons (D:15)
  37 yaktaurs
  4 rime drakes
  7 komodo dragons
  A catoblepas zombie (Crypt:1)
  3 spectral deep trolls (Crypt:2)
  8 ice devils
  An anaconda simulacrum (IceCv)
  11 freezing wraiths
  A golden dragon simulacrum (IceCv)
  22 guardian mummies
  A meliai (shapeshifter) (Vaults:5)
  A hydra zombie (Crypt:1)
  8 trolls
  A queen bee (Lair:3)
  A harpy zombie (Tomb:1)
  36 merfolk
  2 polar bears
  A hellwing (Depths:2)
  2 hornets (Depths:3)
  Prince Ribbit (D:8)
  A shadow dragon simulacrum (Crypt:2)
  A tyrant leech (shapeshifter) (Elf:2)
  A raiju (shapeshifter) (Elf:3)
  7 wind drakes
  9 blink frogs
  An ice dragon zombie (Crypt:2)
  4 dream sheep (Lair:4)
  Sigmund (D:3)
  A guardian serpent skeleton (Crypt:1)
  14 snapping turtles
  A black mamba zombie (Crypt:1)
  30 flying skulls
  2 shadows
  7 wyverns
  A merfolk skeleton (Tomb:1)
  A spriggan skeleton (Depths:1)
  4 air elementals
  16 wraiths
  A wind drake zombie (Crypt:2)
  An ice dragon skeleton (Crypt:2)
  14 yaks
  7 ushabtiu
  2 fire elementals (Elf:1)
  25 water elementals
  The ghost of Zazubon the Trooper, an amateur DsBe of Trog (D:4)
  9 basilisks
  A neqoxec (Depths:2)
  14 golden eyes
  Grum (D:8)
  8 redbacks
  4 vampire mosquitoes (D:13)
  A steam dragon (Lair:4)
  2 wargs
  34 nagas
  2 naga zombies
  2 acid dragons
  15 water moccasins
  A floating eye (shapeshifter) (Depths:1)
  3 hydra simulacra
  A floating eye (Depths:2)
  43 orc warriors
  2 sky beasts
  3 ettin simulacra (IceCv)
  An alligator simulacrum (IceCv)
  11 ogres
  An ice beast (D:8)
  A black mamba simulacrum (Crypt:1)
  4 black bears
  12 wolves
  4 boggarts (Vaults:1)
  An elephant skeleton (Crypt:3)
  14 centaurs
  2 phantoms
  2 kobold brigands
  9 bullfrogs
  A salamander skeleton (Crypt:1)
  3 scorpions
  A wyvern zombie (D:4)
  A cyclops zombie (Crypt:2)
  A gnoll sergeant (D:5)
  4 necrophages
  3 earth elementals (Elf:2)
  A naga simulacrum (Tomb:2)
  A cyclops skeleton (Crypt:2)
  8 wights
  37 killer bees
  A lindwurm simulacrum (IceCv)
  3 howler monkeys
  2 electric eels
  A bullfrog zombie (D:4)
  A human zombie (Crypt:3)
  2 hounds (D:4)
  18 jellies
  13 orc priests
  2 gnoll boudas
  Ijyb (D:3)
  Terence (D:2)
  3 iguanas
  19 orc wizards
  A hell rat (Lair:3)
  An acid dragon zombie (Crypt:3)
  An acid dragon skeleton (Crypt:1)
  A hound skeleton (Crypt:1)
  61 mummies
  Robin (D:2)
  12 adders
  11 gnolls
  A lava snake zombie (Crypt:1)
  A worm (D:2)
  4 dart slugs
  74 orcs
  5 ball pythons
  5 bats
  21 endoplasms
  7 giant cockroaches
  17 goblins
  8 hobgoblins
  10 jackals
  20 kobolds
  3 quokkas
  2 frilled lizards
  A kobold skeleton (Crypt:1)
  6 rats
  A river rat skeleton (Crypt:2)
2615 creatures vanquished.

Vanquished Creatures (others)
  A death cob (Zot:4)
  A deep elf pyromancer (D:13)
  A golden dragon skeleton (Crypt:3)
  An unseen horror (D:12)
  8 tentacles
12 creatures vanquished.

Grand Total: 2627 creatures vanquished

Notes
Turn   | Place    | Note
-------+----------+-------------------------------------------
     0 | D:1      | McKennaii the Demigod Conjurer began the quest for the Orb.
     0 | D:1      | Reached XP level 1. HP: 14/14 MP: 5/5
   136 | D:1      | Reached skill level 2 in Spellcasting
   314 | D:1      | Reached XP level 2. HP: 20/20 MP: 3/7
   821 | D:1      | Learned a level 2 spell: Searing Ray
   985 | D:1      | Reached XP level 3. HP: 26/26 MP: 6/9
  1332 | D:2      | Noticed Robin
  1560 | D:2      | Killed Robin
  1846 | D:2      | Reached skill level 3 in Spellcasting
  1846 | D:2      | Reached XP level 4. HP: 33/33 MP: 6/11
  2267 | D:2      | Noticed Terence
  2276 | D:2      | Learned a level 4 spell: Iskenderun's Mystic Blast
  2297 | D:3      | Noticed Sigmund
  2304 | D:3      | Killed Sigmund
  2305 | D:3      | Reached skill level 4 in Spellcasting
  2305 | D:3      | Reached skill level 5 in Conjurations
  2305 | D:3      | Reached XP level 5. HP: 37/38 MP: 2/14
  2529 | D:3      | Noticed Ijyb
  2556 | D:3      | Killed Ijyb
  2848 | D:3      | Reached XP level 6. HP: 45/45 MP: 10/15
  3379 | D:2      | Learned a level 5 spell: Freezing Cloud
  3559 | D:4      | Found a transporter.
  3561 | D:4      | Noticed Zazubon's ghost (amateur DsBe)
  4442 | D:4      | Reached skill level 5 in Spellcasting
  4442 | D:4      | Reached XP level 7. HP: 50/50 MP: 11/18
  4744 | D:2      | Killed Terence
  4992 | D:4      | Found a transporter.
  5014 | D:5      | Entered Level 5 of the Dungeon
  5021 | D:5      | Noticed a wraith
  5035 | D:5      | Killed a wraith
  5334 | D:5      | Found Kuefrij's Antique Armour Boutique.
  5342 | D:5      | Bought a runed cloak for 202 gold pieces
  5763 | D:5      | Noticed a wyvern
  5769 | D:5      | Killed a wyvern
  5770 | D:5      | Reached skill level 6 in Spellcasting
  5770 | D:5      | Reached XP level 8. HP: 57/57 MP: 13/20
  5857 | D:5      | Found a staircase to the Ecumenical Temple.
  6337 | D:4      | Killed Zazubon's ghost
  6857 | D:6      | Reached skill level 7 in Spellcasting
  7571 | D:7      | Reached skill level 1 in Ice Magic
  7788 | D:7      | Reached XP level 9. HP: 57/62 MP: 14/24
  8711 | D:8      | Noticed Amaemon
  8755 | D:8      | Noticed an orange demon
  9179 | D:8      | Reached skill level 1 in Armour
  9380 | D:8      | Noticed a two-headed ogre
  9392 | D:8      | Killed a two-headed ogre
  9393 | D:8      | Reached skill level 8 in Spellcasting
  9491 | D:8      | Found Bous Obon's Antique Weapon Boutique.
  9499 | D:8      | Found Iceopluschu's General Store.
  9499 | D:8      | Found Ingatemn's Armour Emporium.
  9505 | D:8      | Found Ophir's General Store.
  9506 | D:8      | Found Ateawniwk's Weapon Emporium.
  9740 | D:8      | Noticed Grum
  9741 | D:8      | Killed Amaemon
  9742 | D:8      | Reached XP level 10. HP: 69/69 MP: 3/26
  9742 | D:8      | Noticed Prince Ribbit
  9802 | D:8      | Killed Grum
  9803 | D:8      | Reached skill level 5 in Ice Magic
 10048 | D:8      | Reached skill level 10 in Conjurations
 10463 | D:8      | Killed Prince Ribbit
 10678 | D:9      | Found Vipu's Assorted Antiques.
 11368 | D:10     | Entered Level 10 of the Dungeon
 11659 | D:10     | Reached skill level 9 in Spellcasting
 13361 | D:11     | Noticed Josephine
 13365 | D:11     | Noticed a brown ugly thing
 13377 | D:10     | Killed Josephine
 13378 | D:10     | Reached skill level 5 in Armour
 13631 | D:11     | Killed a green ugly thing
 13632 | D:11     | Reached XP level 11. HP: 74/74 MP: 13/28
 13730 | D:11     | Found a staircase to the Orcish Mines.
 13811 | D:11     | Noticed Psyche
 13820 | D:11     | Killed Psyche
 14407 | D:11     | Found a staircase to the Lair.
 14422 | D:11     | Noticed a two-headed ogre
 14433 | D:11     | Killed a two-headed ogre
 15116 | D:12     | Noticed a two-headed ogre
 15117 | D:12     | Noticed a boulder beetle
 15167 | D:12     | Noticed a two-headed ogre
 15171 | D:12     | Killed a two-headed ogre
 15298 | D:12     | Noticed a rakshasa
 15300 | D:12     | Noticed a centaur warrior
 15576 | Lair:1   | Entered Level 1 of the Lair of Beasts
 15672 | Lair:1   | Reached skill level 10 in Spellcasting
 16361 | Lair:1   | You fall into a shaft and drop 1 floor!
 16956 | Lair:2   | Identified the +4 pair of gloves of Starshine {rC+}
 17341 | Lair:2   | Reached XP level 12. HP: 79/81 MP: 8/30
 17488 | Lair:2   | Found the +8 whip "Snakebite" {venom, curare, rPois}
 18055 | Lair:2   | Learned a level 7 spell: Ozocubu's Refrigeration
 18357 | Lair:3   | Found a staircase to the Snake Pit.
 18522 | Lair:3   | Identified a scroll of acquirement
 19237 | Lair:3   | Found a staircase to the Shoals.
 19715 | Lair:3   | Noticed Urug
 19720 | Lair:3   | Reached skill level 11 in Spellcasting
 19723 | Lair:3   | Killed Urug
 21093 | Lair:4   | Noticed Sonja
 21099 | Lair:4   | Reached skill level 10 in Ice Magic
 21119 | Lair:4   | Killed Sonja
 21210 | Lair:4   | Found a staircase to the Slime Pits.
 21403 | Lair:4   | Reached XP level 13. HP: 79/86 MP: 5/33
 21422 | Lair:4   | Reached skill level 12 in Spellcasting
 21937 | Lair:4   | Noticed Nessos
 21948 | Lair:4   | Killed Nessos
 22566 | Lair:5   | Entered Level 5 of the Lair of Beasts
 23459 | Lair:5   | Reached skill level 13 in Spellcasting
 24755 | Orc:1    | Entered Level 1 of the Orcish Mines
 25361 | Orc:2    | Entered Level 2 of the Orcish Mines
 26102 | Orc:2    | Reached XP level 14. HP: 20/93 MP: 2/36
 27130 | Orc:2    | Found a staircase to the Elven Halls.
 27338 | Orc:2    | Found Koariusm's Antique Weapon Shop.
 27338 | Orc:2    | Found Mapuddaa's Antique Armour Shoppe.
 27340 | Orc:2    | Found Cynin's Book Emporium.
 27342 | Orc:2    | Found Suitsur's Armour Boutique.
 27475 | Orc:2    | Bought smoking steam dragon scales for 1170 gold pieces
 27475 | Orc:2    | Identified the +3 steam dragon scales "Sinelehe" {rF+
                  | Str+2} (You bought it in a shop on level 2 of the Orcish
                  | Mines)
 28044 | D:12     | Reached skill level 14 in Spellcasting
 31267 | D:14     | Found a gate to the Vaults.
 31936 | D:15     | Entered Level 15 of the Dungeon
 32873 | D:15     | Noticed Louise
 32880 | D:15     | Killed Louise
 32881 | D:15     | Reached skill level 15 in Spellcasting
 33059 | D:15     | Noticed Jorgrun
 33063 | D:15     | Killed Jorgrun
 33396 | D:15     | Found a staircase to the Depths.
 33707 | Snake:1  | Entered Level 1 of the Snake Pit
 33732 | Snake:1  | Reached XP level 15. HP: 96/99 MP: 15/39
 34315 | Snake:1  | Reached skill level 15 in Ice Magic
 34870 | Snake:1  | Acquired 888 gold pieces
 36108 | Snake:1  | Reached skill level 16 in Spellcasting
 36515 | Orc:2    | Bought a book of Ice for 700 gold pieces
 36525 | Orc:2    | Learned a level 9 spell: Polar Vortex
 37916 | Snake:2  | Found Wonuilit's Jewellery Boutique.
 37917 | Snake:2  | Found Egemuuff's Book Emporium.
 37917 | Snake:2  | Found Codyrhugae's Book Emporium.
 38073 | Snake:2  | Noticed a nagaraja
 38075 | Snake:2  | Killed a nagaraja
 38294 | Snake:2  | Noticed Vashnia
 38323 | Snake:2  | Killed Vashnia
 38374 | Snake:2  | Reached XP level 16. HP: 63/105 MP: 0/42
 38632 | Snake:2  | Identified Roxanne's Almanac of Variation
 38632 | Snake:2  | Noticed Roxanne
 39117 | Snake:3  | Found a transporter.
 39262 | Snake:3  | Noticed klichko's ghost (adept SpHu)
 39455 | Snake:3  | Found a frozen archway.
 39548 | IceCv    | Entered an ice cave
 39894 | IceCv    | Learned a level 5 spell: Lee's Rapid Deconstruction
 39937 | IceCv    | Reached skill level 17 in Spellcasting
 40801 | IceCv    | Noticed an Ice Fiend
 40913 | IceCv    | Killed an Ice Fiend
 41590 | Snake:3  | Found a transporter.
 41754 | Snake:3  | Identified the +1 whip "Murmur" {flame, *Slow rPois rC+
                  | Will+++}
 42388 | Snake:4  | Entered Level 4 of the Snake Pit
 42780 | Snake:4  | Found Woason's Book Boutique.
 43009 | Snake:2  | Killed Roxanne
 43506 | Snake:4  | Found Otozuar's Weapon Boutique.
 43509 | Snake:4  | Found Osiy's Book Shop.
 43552 | Snake:4  | Found Gyffig's Weapon Shop.
 44307 | Snake:4  | Reached skill level 18 in Spellcasting
 45266 | Snake:4  | Got a serpentine rune of Zot
 45773 | Shoals:1 | Entered Level 1 of the Shoals
 46213 | Shoals:1 | Noticed Mlioglotl
 46221 | Shoals:1 | Killed Mlioglotl
 46253 | Shoals:1 | Reached XP level 17. HP: 51/111 MP: 1/45
 46724 | Shoals:1 | Noticed Frances
 46724 | Shoals:1 | Noticed Nikola
 46737 | Shoals:1 | Killed Frances
 46851 | Shoals:1 | Killed Nikola
 48496 | Shoals:2 | You are sucked into a shaft and drop 1 floor!
 48795 | Shoals:2 | Reached skill level 19 in Spellcasting
 50478 | Shoals:3 | Noticed Ilsuiw
 50481 | Shoals:3 | Killed Ilsuiw
 50910 | Shoals:3 | Found a gateway to a bazaar.
 51487 | Shoals:4 | Entered Level 4 of the Shoals
 52890 | Shoals:4 | Got a barnacled rune of Zot
 53650 | Shoals:4 | Reached skill level 20 in Spellcasting
 54126 | Shoals:4 | Identified the +4 great sword "Vauxetze" {flame, Int+3}
 54168 | Shoals:4 | Reached XP level 18. HP: 117/117 MP: 13/48
 54646 | Shoals:4 | Identified the +1 leather armour of the Sky {Drain +Blink
                  | rF+}
 55317 | Snake:3  | Killed klichko's ghost
 55629 | Bazaar   | Entered a bazaar
 55629 | Bazaar   | Found Seppol's Book Shop.
 55633 | Bazaar   | Found Tonues's Jewellery Emporium.
 55673 | Bazaar   | Found Ucliwn's Distillery.
 55674 | Bazaar   | Found Dixom's Armour Shop.
 55683 | Bazaar   | Found Pehuh's Magic Scroll Shoppe.
 55829 | Bazaar   | Bought the amulet "Nuthram" {rElec rPois Will+++ Regen+
                  | Dex-4} for 1288 gold pieces
 55852 | Bazaar   | Bought a potion of mutation for 136 gold pieces
 55852 | Bazaar   | Bought a potion of curing for 51 gold pieces
 55852 | Bazaar   | Bought a potion of curing for 51 gold pieces
 56106 | Vaults:1 | Entered Level 1 of the Vaults
 56721 | Vaults:1 | Found Meirhel's General Store.
 57372 | Vaults:1 | Reached skill level 1 in Fighting
 58918 | Vaults:2 | Noticed IsvaffelMax's ghost (adept OgBr)
 58934 | Vaults:2 | Found Zatsepp's Assorted Antiques.
 60190 | Vaults:2 | Reached skill level 21 in Spellcasting
 60554 | Vaults:2 | Reached skill level 5 in Dodging
 61190 | Vaults:2 | Reached skill level 5 in Fighting
 61405 | Vaults:2 | Found a runed translucent gate.
 61405 | Vaults:2 | Found a runed translucent gate.
 61405 | Vaults:2 | Found a runed translucent gate.
 61640 | Vaults:2 | Identified the +10 dagger of the Coward {vamp, rC+}
 61840 | Vaults:2 | Killed IsvaffelMax's ghost
 62153 | Vaults:3 | Reached XP level 19. HP: 139/139 MP: 18/50
 62503 | Vaults:3 | Found Biagud's Armour Emporium.
 64683 | Vaults:3 | Found a staircase to the Crypt.
 67988 | Vaults:5 | Entered Level 5 of the Vaults
 68269 | Vaults:4 | Reached skill level 22 in Spellcasting
 68406 | Vaults:5 | Reached XP level 20. HP: 137/137 MP: 44/52
 68749 | Vaults:5 | Noticed a golden dragon
 68756 | Vaults:5 | Killed a golden dragon
 70091 | Vaults:5 | Reached skill level 10 in Dodging
 70352 | Vaults:5 | Identified the +1 scale mail "Ararygit" {rN+ Str+7 Int-3
                  | SInv}
 70386 | Vaults:5 | Got the Parchment of Variation
 70404 | Vaults:5 | Identified the staff of earth "Zaarotu" {*Slow rElec Will-
                  | Dex+6}
 70907 | Vaults:5 | Noticed an ancient lich
 70986 | Vaults:5 | Reached skill level 10 in Fighting
 71111 | Vaults:5 | Noticed an ancient lich
 71118 | Vaults:5 | Killed an ancient lich
 71787 | Vaults:5 | Got a silver rune of Zot
 72135 | Vaults:5 | Killed an ancient lich
 72373 | Vaults:5 | Noticed a dread lich
 72499 | Vaults:5 | Killed a dread lich
 72677 | Vaults:5 | Noticed an ancient lich
 72698 | Vaults:4 | HP: 5/163 [quicksilver dragon/bolt of dispelling energy
                  | (43)]
 73041 | Vaults:5 | Killed an ancient lich
 73130 | Vaults:5 | Got the Compendium of Blasting and the Tundra
 73132 | Vaults:5 | Got the Notes on Blasted Therianthropy
 73136 | Vaults:5 | Got the Omnibus of Foul Metamorphosis
 73138 | Vaults:5 | Got Ogiwowk's Secrets of Stony Anemomancy
 73796 | Vaults:5 | Got the Directory of Gusty Transformation
 74281 | Elf:1    | Entered Level 1 of the Elven Halls
 74510 | Elf:1    | Reached skill level 1 in Shields
 76079 | Elf:1    | Reached XP level 21. HP: 151/172 MP: 26/54
 76568 | Elf:1    | Noticed Zenata
 76580 | Elf:1    | Killed Zenata
 77408 | Elf:2    | Paralysed by an air elemental for 1 turns
 77540 | Elf:2    | Paralysed by an air elemental for 1 turns
 77774 | Elf:2    | Found Eneisiho's Antique Weapon Shop.
 78041 | Elf:2    | Reached skill level 5 in Shields
 78671 | Elf:2    | Found a huge runed translucent gate.
 78671 | Elf:2    | Found a huge runed translucent gate.
 78671 | Elf:2    | Found a huge runed translucent gate.
 78671 | Elf:2    | Found a huge runed translucent gate.
 78672 | Elf:2    | Found a huge runed translucent gate.
 80519 | Elf:3    | Entered Level 3 of the Elven Halls
 80661 | Elf:3    | Noticed Mara
 80662 | Elf:3    | Noticed McKennaii's illusion
 80666 | Elf:3    | Killed Mara
 81972 | Elf:3    | Reached skill level 23 in Spellcasting
 83400 | Elf:3    | Identified the +1 long sword of Qin Reoh {elec, rPois rCorr
                  | Stlth+}
 83400 | Elf:3    | Identified the ring "Reuxzoips" {+Blink MP+9}
 83572 | Elf:3    | Identified the amulet "Ygiwuum" {Spirit rPois}
 83631 | Elf:3    | Identified the +0 pair of gloves "Lewk" {+Inv rN+ Int-2
                  | Dex+2}
 83639 | Elf:3    | Identified the amulet of Riyst {Spirit -Cast Will+ Dex+2}
 83655 | Elf:3    | Identified the +6 falchion "Nylabrif" {pain, *Rage rElec
                  | rN+}
 83664 | Elf:3    | Identified the staff of air "Xuxism" {rElec rF++ rC+ SInv
                  | Stlth-}
 83667 | Elf:3    | Got the Precepts of Fluctuating Left-Handed Ceremonies
 84086 | Depths:1 | Entered Level 1 of the Depths
 84894 | D:15     | HP: 7/176 [poisoned by a green very ugly thing]
 84899 | D:15     | HP: 5/176 [poisoned by a green very ugly thing]
 85239 | Slime:1  | Entered Level 1 of the Pits of Slime
 85631 | Slime:2  | Reached XP level 22. HP: 183/183 MP: 35/56
 85633 | Slime:2  | Gained mutation: You occasionally lose the ability to read
                  | scrolls when taking damage. [a shining eye]
 87759 | Slime:5  | Entered Level 5 of the Pits of Slime
 87761 | Slime:5  | Noticed Dissolution
 87766 | Slime:5  | Killed Dissolution
 89176 | Slime:5  | Noticed the Royal Jelly
 89457 | Slime:5  | Gained mutation: Your body sometimes deteriorates upon
                  | taking damage. [a shining eye]
 89460 | Slime:5  | Reached skill level 10 in Shields
 89490 | Slime:5  | Killed the Royal Jelly
 89967 | Slime:5  | Found the sphere of Battle
 90075 | Slime:5  | Identified the +1 helmet of the Gastropod {-Cast rF+++
                  | Dex+3 Stlth+}
 90080 | Slime:5  | Identified the +9 falchion "Rappugaorch" {venom, rCorr
                  | Dex+3 Stlth+}
 90081 | Slime:5  | Identified the ring "Orotu" {Wiz Fly rC- Will- Dex+8}
 90128 | Slime:5  | Got a slimy rune of Zot
 90153 | Slime:5  | Got the Encyclopedia of Airy Effluvium
 91563 | Depths:1 | Noticed Asterion
 91687 | Depths:1 | Killed Asterion
 93147 | Depths:1 | Identified the +1 robe of Virtue {rElec rF++ Dex+2 Slay-2}
 93166 | Depths:1 | Found a gateway to Hell.
 95888 | Depths:2 | Found a one-way gate leading to the halls of Pandemonium.
 96646 | Depths:2 | Reached XP level 23. HP: 196/196 MP: 43/57
 96648 | Depths:2 | Reached skill level 1 in Earth Magic
 97266 | Depths:3 | Found a one-way gate to the infinite horrors of the Abyss.
 98402 | Depths:3 | Found a one-way gateway to a ziggurat.
 98410 | Depths:3 | Noticed hitsuchi's ghost (veteran DECj)
 98411 | Depths:3 | Found a runed translucent door.
 98729 | Depths:3 | Reached skill level 24 in Spellcasting
 99936 | Depths:3 | Killed hitsuchi's ghost
 99937 | Depths:3 | Reached skill level 15 in Dodging
100122 | Depths:3 | Identified the +3 buckler of Qazlal's Esteem {rPois rF-
                  | Will+}
100768 | Depths:4 | Entered Level 4 of the Depths
101263 | Depths:4 | Learned a level 8 spell: Lehudib's Crystal Spear
101539 | Depths:4 | Reached skill level 15 in Fighting
102758 | Depths:4 | Found a gate to the Realm of Zot.
103424 | D:8      | Bought a scroll of magic mapping for 90 gold pieces
103424 | D:8      | Bought a scroll of teleportation for 36 gold pieces
103471 | D:9      | Bought a potion of curing for 63 gold pieces
103471 | D:9      | Bought a scroll of teleportation for 63 gold pieces
103471 | D:9      | Bought a potion of curing for 63 gold pieces
103877 | Vaults:2 | Bought shiny pearl dragon scales for 4186 gold pieces
103877 | Vaults:2 | Bought a potion of curing for 123 gold pieces
103877 | Vaults:2 | Bought a potion of heal wounds for 205 gold pieces
103986 | Crypt:1  | Entered Level 1 of the Crypt
105762 | Crypt:1  | Noticed Saint Roka
105779 | Crypt:1  | Killed Saint Roka
106862 | Crypt:2  | Identified the ring of the Scarab {Int+6 Dex+5}
107311 | Crypt:1  | Lost mutation: Your body sometimes deteriorates upon taking
                  | damage. [potion of mutation]
107311 | Crypt:1  | Lost mutation: You occasionally lose the ability to read
                  | scrolls when taking damage. [potion of mutation]
107311 | Crypt:1  | Gained mutation: Your spells are a little harder to cast,
                  | but a little more powerful. [potion of mutation]
107311 | Crypt:1  | Gained mutation: You are robust. (+10% HP) [potion of
                  | mutation]
107311 | Crypt:1  | Gained mutation: You have supernaturally acute eyesight.
                  | (SInv) [potion of mutation]
109676 | Crypt:3  | Entered Level 3 of the Crypt
109689 | Crypt:3  | Noticed Bai Suzhen
110047 | Crypt:3  | Reached XP level 24. HP: 220/226 MP: 10/58
110499 | Crypt:3  | Killed Bai Suzhen
110677 | Crypt:3  | Noticed Frederick
110681 | Crypt:3  | Killed Frederick
111297 | Crypt:3  | Identified the +8 scimitar of the Pyrrhic Victory {venom,
                  | rPois rF+ rCorr Dex+3}
111363 | Crypt:3  | Noticed a royal mummy
111363 | Crypt:3  | Noticed Khufu
111513 | Crypt:3  | Noticed a royal mummy
112061 | Crypt:3  | Killed a royal mummy
112508 | Crypt:3  | Killed a royal mummy
112709 | Crypt:3  | Killed Khufu
112900 | Crypt:3  | Found a staircase to the Tomb.
113570 | Crypt:3  | Identified the +3 flail of the Undead {freeze, rCorr Dex+3}
113615 | Crypt:3  | Identified the ring "Atiov" {rPois rN+ SInv}
113617 | Crypt:3  | Identified the ring "Lagugg" {rC+ Dex+4}
113634 | Crypt:3  | Got the Disquisition on Spectral Electrocution
113863 | Tomb:1   | Entered Level 1 of the Tomb of the Ancients
115194 | Tomb:1   | HP: 3/226 [ancient champion/iron shot (25)]
115718 | Tomb:1   | Noticed a royal mummy
115783 | Tomb:1   | Killed a royal mummy
116258 | Tomb:1   | Reached skill level 5 in Earth Magic
116777 | Tomb:1   | Noticed a royal mummy
116801 | Tomb:1   | Killed a royal mummy
117054 | Tomb:2   | Noticed a royal mummy
117054 | Tomb:2   | Noticed a royal mummy
117054 | Tomb:2   | Noticed a royal mummy
117054 | Tomb:2   | Noticed a royal mummy
117061 | Tomb:2   | Killed a royal mummy
117062 | Tomb:2   | Killed a royal mummy
117062 | Tomb:2   | Killed a royal mummy
117063 | Tomb:2   | Killed a royal mummy
118118 | Tomb:1   | Noticed a royal mummy
118121 | Tomb:1   | Killed a royal mummy
118127 | Tomb:1   | Reached skill level 10 in Earth Magic
118191 | Tomb:1   | Noticed a royal mummy
118198 | Tomb:1   | Killed a royal mummy
118350 | Tomb:1   | Noticed a royal mummy
118354 | Tomb:1   | Killed a royal mummy
118609 | Tomb:1   | Noticed a royal mummy
118615 | Tomb:1   | Killed a royal mummy
118639 | Tomb:1   | Noticed a royal mummy
118665 | Tomb:1   | Killed a royal mummy
118813 | Tomb:1   | Noticed a royal mummy
118856 | Tomb:1   | Killed a royal mummy
119015 | Tomb:1   | Noticed a royal mummy
119031 | Tomb:1   | Killed a royal mummy
119236 | Tomb:1   | Noticed a royal mummy
119242 | Tomb:1   | Killed a royal mummy
119338 | Tomb:1   | Noticed a royal mummy
119343 | Tomb:1   | Noticed a royal mummy
119345 | Tomb:1   | Killed a royal mummy
119347 | Tomb:1   | Noticed a royal mummy
119348 | Tomb:1   | Killed a royal mummy
119349 | Tomb:1   | Reached XP level 25. HP: 87/232 MP: 12/58
119365 | Tomb:1   | Gained mutation: You are clumsy. (Dex -2) [mutagenic glow]
119656 | Tomb:1   | Noticed a royal mummy
119656 | Tomb:1   | Noticed a royal mummy
119656 | Tomb:1   | Noticed a royal mummy
119660 | Tomb:1   | Killed a royal mummy
119664 | Tomb:1   | Killed a royal mummy
119873 | Tomb:1   | Killed a royal mummy
119907 | Tomb:1   | Killed a royal mummy
120198 | Tomb:1   | Noticed a royal mummy
120203 | Tomb:1   | Killed a royal mummy
120365 | Tomb:1   | Noticed a royal mummy
120376 | Tomb:1   | Killed a royal mummy
121877 | Zot:1    | Entered Level 1 of the Realm of Zot
123297 | Zot:1    | Reached skill level 15 in Earth Magic
126866 | Zot:3    | Found a transporter.
127656 | Zot:3    | Reached skill level 25 in Spellcasting
127833 | Zot:3    | Found a transporter.
128209 | Zot:3    | Identified the +3 war axe "Leskihoi" {spect, rCorr}
128295 | Zot:3    | Reached XP level 26. HP: 196/243 MP: 20/59
128313 | Zot:3    | Identified the +0 lajatang "Worm's Wrath" {venom, rN+}
129611 | Zot:4    | Noticed Parghit
129613 | Zot:4    | Killed Parghit
130330 | Zot:5    | Entered Level 5 of the Realm of Zot
130958 | Zot:5    | Noticed an ancient lich
130964 | Zot:5    | Killed an ancient lich
131177 | Zot:5    | Reached skill level 26 in Spellcasting
132539 | Zot:5    | Noticed an ancient lich
133233 | Zot:5    | Noticed a dread lich
133247 | Zot:5    | Killed a dread lich
133509 | Zot:5    | Noticed an orb of fire
133532 | Zot:5    | Killed an ancient lich
133537 | Zot:5    | Killed an orb of fire
133733 | Zot:5    | Noticed an ancient lich
133734 | Zot:5    | Noticed an orb of fire
133735 | Zot:5    | Gained mutation: Armour fits poorly on your strangely
                  | shaped body. [an orb of fire]
133743 | Zot:5    | Killed an orb of fire
133758 | Zot:5    | HP: 3/241 [Orb Guardian (32)]
133759 | Zot:5    | Mangled by an Orb Guardian

Illustrated notes

Levels and vault maps discovered:
D:1:      elethiomel_arrival_infinity_welcomes_careful_drivers, layout_basic
D:2:      layout_basic, hellmonk_ecumenical_altar_dog_temple,
          hangedman_abyss_or_decor_lesser_grid, uniq_terence, uniq_robin
D:3:      layout_loops_cross, kennysheep_big_empty_room, uniq_ijyb, uniq_sigmund
D:4:      layout_basic, gammafunk_ghost_mausoleum, corexii_corridor_pit,
          hangedman_feature_mirror
D:5:      layout_basic, lemuel_doored_altar,
          minmay_temple_entry_drinking_statues, serial_shops, shop
D:6:      layout_loops_corners, mainiacjoe_overflow_paths,
          grunt_dithmenos_smoke_and_mirrors
D:7:      layout_gridville
D:8:      layout_cave_pools, grunt_gozag_statues,
          mainiacjoe_overflow_small_starburst,
          nicolae_wu_jian_immortal_techniques, serial_shops, shop_fountains,
          chequers_serial_rivers_micro_c, ebering_dispersal_statue_hall,
          grunt_ogre_cave, chequers_serial_rivers_large_b, grunt_ministairs_13,
          minmay_shop_grid_forest, uniq_prince_ribbit1, uniq_grum, uniq_amaemon
D:9:      layout_long_grid, mainiacjoe_overflow_surrounded_room,
          grunt_qazlal_sundering, serial_shops, shop, grunt_ministairs_7,
          chequers_serial_rivers_micro_e
D:10:     layout_grid_maze
D:11:     layout_loops_ring, grunt_lair_entry_orc_guard_hut, david_orc_2,
          uniq_psyche, uniq_josephine
D:12:     lemuel_slime, layout_basic
D:13:     layout_basic
D:14:     layout_roguey, grunt_vaults_entry_fortified,
          minmay_misc_feat_ornament, kennysheep_generic_room_10
D:15:     grunt_enter_depths_magical_seal, layout_loops_ring,
          chequers_serial_rivers_micro_d, minmay_misc_feat_secret_circle,
          uniq_louise, uniq_jorgrun
Lair:1:   layout_loops_ring
Lair:2:   minmay_guarded_unrand_snakebite, layout_gridlike,
          infiniplex_staircase_pool
Lair:3:   regret_index_harrowing_hell_hive, layout_gridlike, shoals_dummy_entry,
          minmay_snake_entry_guardpost_small, uniq_urug
Lair:4:   layout_regular_city, nicolae_slime_entry_slimehenge, uniq_sonja,
          uniq_nessos
Lair:5:   grunt_lair_end_beastmaster, layout_cave_pods,
          amcnicky_mini_pool_medium
Shoals:1: layout_shoals, uniq_frances, uniq_nikola, uniq_mlioglotl
Shoals:2: layout_shoals, nicolae_shoals_pincushion_passage
Shoals:3: layout_shoals, serial_shops, statue_bzr, uniq_ilsuiw
Shoals:4: shoals_end_grunt_ice, layout_shoals, hangedman_shoals_cup_caves
Snake:1:  kennysheep_snake, layout_rooms
Snake:2:  minmay_snake_river, layout_basic, minmay_shop_grove,
          lemuel_fruit_tree, grunt_megastairs_1, uniq_vashnia, uniq_roxanne
Snake:3:  layout_onion_interference, portal_ice_cave_entry_horrid_things,
          gammafunk_ghost_arena, nicolae_snake_flat_spine, drop_trap
Snake:4:  grunt_snake_rune_pools, layout_gridlike, minmay_shoptagon
Slime:1:  layout_caves
Slime:2:  layout_caves
Slime:3:  layout_caves
Slime:4:  layout_caves
Slime:5:  uniq_dissolution
Orc:1:    layout_caves
Orc:2:    st_orc_rangers, layout_caves
Elf:1:    nicolae_elf_arrival_fired_up, layout_geoelf_diagonals,
          minmay_elf_sorcery, library_closet, evilmike_ambush
          [evilmike_ambush_outer_basic, evilmike_ambush_inner_basic],
          uniq_zenata
Elf:2:    elven_hall_of_blades_hangedman_alternative
          [infiniplex_blade_entry_pillars], layout_gridlike, serial_shops, shop
Elf:3:    elf_hall_gauntlet_wide, layout_geoelf_castle, uniq_mara
Vaults:1: nicolae_vaults_tetromino_T_2, nicolae_vaults_network_star,
          hangedman_vaults_stitches, nicolae_vaults_sightless_eye,
          nicolae_vaults_asterisk, nicolae_vaults_network_periphery,
          nicolae_vaults_apartment_1, vaults_mumra_lcd,
          nicolae_vaults_bisected_slash, layout_vaults_omnigrid, serial_shops,
          nicolae_shop_behind_doors
Vaults:2: ebering_ghost_rock_garden, ontoclasm_vaults_twist, v_misc_14,
          nicolae_vaults_cornered_office, nicolae_vaults_what_the_h,
          nicolae_vaults_arrows, nicolae_vaults_hexular_roomagon,
          vaults_standard_mumra_enter_the_diamond, v_misc_16,
          nicolae_vaults_cochlea, nicolae_vaults_angled_halls,
          vaults_room_semicircle, nicolae_vaults_surprise_closet_hard,
          vaults_dpeg_emergency_exit, layout_vaults_big_cross, serial_shops,
          shop
Vaults:3: nicolae_vaults_heist, hangedman_vaults_locks, hangedman_vaults_impose,
          nicolae_vaults_twisting_passages, ontoclasm_vaults_ring_large,
          hangedman_vaults_impose, nicolae_vaults_diagonal_hallway_8,
          layout_vaults_chaotic_city, minmay_crypt_entry_necro_gods,
          serial_shops, nicolae_shop_mannequins
Vaults:4: v_misc_4, nicolae_vaults_little_squares_1, v_misc_14,
          vaults_room_grunt_arrival_ludios, v_alt_pattern_2,
          grunt_vaults_twisty, nicolae_vaults_murder_corner,
          nicolae_vaults_closet_pinwheel_1, nicolae_vaults_oval_intersection,
          nicolae_vaults_big_ls, vaults_dpeg_ring,
          nicolae_vaults_little_squares_6, layout_vaults_maze_bifur
Vaults:5
Crypt:1:  layout_chaotic_city, uniq_saint_roka
Crypt:2:  layout_catacombs, nicolae_crypt_fedhas_prevails, skrybe_necro_troll_2,
          grunt_megastairs_3
Crypt:3:  david_glass_crypt, layout_basic,
          nicolae_tomb_entry_unfolded_pyramid_diagonal, uniq_frederick,
          uniq_bai_suzhen, uniq_khufu
Tomb:1
Tomb:2
Depths:1: hourglass_vault, layout_honeycomb, pf_coc_iceberg, fountainhead,
          dreamdust_wishing_well, nicolae_benzene_ring, drop_trap, ice2_lemuel,
          uniq_asterion
Depths:2: minmay_haunted_quarter, layout_small_grid,
          minmay_staircase_statues_hall_large, grunt_pan_entry_spiral,
          hell_entry, minmay_stone_trees_small, uniq_grunn
Depths:3: minmay_the_grid_octo_tiled_octocenter [minmay_the_grid_octo_checkered,
          minmay_the_grid_octo_thin_diamonds,
          minmay_the_grid_octo_vomiting_pacman, minmay_the_grid_octo_pinwheel,
          minmay_the_grid_octo_prize_square_snowflake,
          minmay_the_grid_square_5x5_eight_small,
          minmay_the_grid_square_5x5_bridge, minmay_the_grid_square_5x5_z,
          minmay_the_grid_square_5x5_eight], layout_cave_shapes,
          enter_ziggurat_e, rand_demon_pan_entry_4, abyss_entry,
          hellmonk_ghost_happy_afterlife, hell_entry
Depths:4: grunt_zot_entry_bicorn, layout_cave_shapes, elyvilon_altar_1,
          grunt_metal_band, grunt_decor_clamped, solitary_fountain,
          kennysheep_pointless_box
Zot:1:    layout_basic
Zot:2:    layout_twisted_circle
Zot:3:    gammafunk_sealed_arena, layout_onion, st_stairs_7,
          hangedman_zot_decor_unnerving_road, st_single_dragon_hoard_2
Zot:4:    layout_gridlike, grunt_ministairs_11, drop_trap, skrybe_zot_glass_3,
          uniq_parghit
Zot:5:    layout_gridlike, hangedman_zot_gyre, grunt_ministairs_9

Skill      XL: |  1  2  3  4  5  6  7  8  9 10 11 12 13 14 15 16 17 18 19 20 21 22 23 24 25 26 |
---------------+-------------------------------------------------------------------------------+-----
Spellcasting   | 2 3 4 5 6 7 8 9 10 11 13 15 16 18 20 21 22 23 24 25 26 | 26.9
Conjurations   | 4 5 6 7 8 9 10 11 12 | 12.8
Ice Magic      | 1 4 6 8 10 12 14 16 18 20 21 22 | 22.6
Armour         | 3 5 7 8 9 |  9.7
Dodging        | 5 9 11 12 14 15 | 15.2
Fighting       | 5 9 11 12 14 15 | 15.0
Shields        | 3 8 10 11 | 11.1
Earth Magic    | 4 11 17 | 17.6
Stealth        | |  1.7

Action                     |  1- 3 |  4- 6 |  7- 9 | 10-12 | 13-15 | 16-18 | 19-21 | 22-24 | 25-27 || total
---------------------------+-------+-------+-------+-------+-------+-------+-------+-------+-------++-------
  Melee: Dagger            |    25 |    12 |     3 |    42 |       |       |       |       |       ||    82
         Staff             |       |       |       |    24 |    94 |    35 |    38 |    48 |    14 ||   253
         Whip              |       |       |       |    18 |    11 |    12 |       |   175 |    67 ||   283
         Punch             |       |       |       |     1 |       |     1 |     2 |       |       ||     4
         Scimitar          |       |       |       |       |       |       |       |     4 |       ||     4
   Cast: Magic Dart        |    70 |   108 |   128 |   217 |   158 |    85 |    69 |   108 |   106 ||  1049
         Searing Ray       |     6 |    15 |    50 |    82 |    35 |    39 |    75 |    86 |     2 ||   390
         Iskenderun's Myst |       |     2 |     9 |   106 |   126 |   114 |   238 |   466 |    46 ||  1107
         Freezing Cloud    |       |       |       |    47 |   145 |    58 |    57 |    32 |     1 ||   340
         Ozocubu's Refrige |       |       |       |       |   144 |   444 |   512 |   623 |   102 ||  1825
         Lee's Rapid Decon |       |       |       |       |       |    34 |    18 |   131 |     3 ||   186
         Polar Vortex      |       |       |       |       |       |     1 |     9 |    21 |    10 ||    41
         Lehudib's Crystal |       |       |       |       |       |       |       |    44 |   272 ||   316
  Evoke: Wand              |       |     3 |    15 |    10 |     4 |    20 |     3 |    23 |       ||    78
    Use: Potion            |       |     2 |       |     6 |       |     8 |     3 |    16 |     4 ||    39
         Scroll            |       |       |     6 |    15 |    15 |     6 |     4 |    12 |     7 ||    65
   Stab: Sleeping          |       |       |     1 |       |       |       |       |       |       ||     1
 Armour: Robe              |     9 |    17 |     3 |       |       |       |       |       |       ||    29
         Ring mail         |       |       |     7 |   133 |    83 |       |       |       |       ||   223
         Steam dragon scal |       |       |       |       |    75 |   119 |   115 |   317 |   214 ||   840
         Acid dragon scale |       |       |       |       |       |       |       |     5 |       ||     5
  Dodge: Dodged            |    33 |    28 |   124 |   334 |   244 |    92 |   171 |   458 |   219 ||  1703
  Block: Kite shield       |       |       |       |       |       |       |    78 |   343 |   106 ||   527
         Reflection        |       |       |       |       |       |       |     7 |     6 |     2 ||    15
